Map: Amygdala

Players

IIIIIIIIIIII - Winner!

  • Race: Zerg Zerg
  • League: Platinum
  • Spawn Location: 7:00

llllllllllll

  • Race: Protoss Protoss
  • League: Diamond
  • Spawn Location: 1:00

VOD

Have the link to the VOD?

Description

Time

  • Played on: Jan. 11, 2025, 12:23 a.m.
  • Length: 6:18
Show
View Real Time Build Order
Export as new Build Order

IIIIIIIIIIII Zerg - Winner!

Build Orders: 3 Hatch before Pool 

Get SALT Encoding   

  12  0:01  Drone  
  13  0:12  Overlord  
  13  0:17  Drone  
  14  0:31  Drone x2  
  17  0:35  Drone  
  17  0:55  Hatchery  
  16  1:11  Hatchery  
  15  1:14  Drone  
  16  1:24  Drone  
  17  1:27  Extractor  
  16  1:37  Drone  
  16  1:38  Spawning Pool  
  16  1:47  Drone  
  16  1:52  Drone x2  
  19  2:00  Drone  
  20  2:13  Overlord  
  20  2:27  Queen x2  
  24  2:31  Zergling x4  
  26  2:37  Zergling x2  
  26  2:41  Overlord  
  27  2:47  Overlord  
  27  2:50  Zergling x2  
  28  2:57  Zergling x2  
  29  3:09  Zergling x6  
  29  3:10  Metabolic Boost  
  32  3:17  Baneling Nest  
  32  3:19  Zergling x2  
  32  3:22  Zergling x2  
  33  3:28  Zergling x4  
  35  3:36  Overlord  
  35  3:38  Zergling x2  
  36  3:45  Zergling x4  
  38  3:56  Zergling x6  
  41  4:04  Baneling x2  
  41  4:05  Baneling x4  
  41  4:08  Zergling x2  
  42  4:11  Zergling x2  
  42  4:15  Zergling x2  
  44  4:18  Zergling x2  
  44  4:21  Zergling x2  
  46  4:36  Baneling  
  42  4:38  Zergling x4  
  42  4:39  Zergling x6  
  45  4:52  Zergling x6  
  46  4:53  Zergling x2  
  40  5:26  Baneling x2  
  36  5:43  Zergling x8  
  36  5:44  Zergling x4  
  36  5:49  Spore Crawler  
  41  5:50  Spine Crawler  
  39  6:01  Zergling x4  
Show
View Real Time Build Order
Export as new Build Order

llllllllllll Protoss 

Build Orders:  

Get SALT Encoding   

  12  0:02  Probe  
  13  0:13  Pylon  
  13  0:17  Probe  
  14  0:29  Probe  
  15  0:36  Gateway  
  15  0:38  Probe  
  16  0:46  Probe, Assimilator  
  16  0:56  Probe  
  18  1:08  Probe  
  19  1:15  Gateway  
  19  1:20  Probe  
  19  1:24  Cybernetics Core  
  20  1:33  Pylon  
  20  1:41  Probe, Assimilator  
  21  1:53  Probe  
  22  2:02  Adept  
  22  2:04  Warp Gate  
  22  2:08  Probe  
  25  2:26  Probe  
  26  2:36  Adept  
  28  2:39  Probe  
  29  2:46  Pylon, Nexus  
  29  2:51  Probe  
  30  3:02  Probe  
  30  3:05  Twilight Council  
  30  3:10  Probe  
  30  3:11  Pylon  
  31  3:17  Adept  
  34  3:20  Probe  
  35  3:29  Adept  
  35  3:32  Probe  
  38  3:40  Probe  
  38  3:41  Charge  
  38  3:48  Probe  
  39  3:54  Gateway  
  40  3:57  Robotics Facility  
  40  3:58  Probe  
  41  4:11  Probe x2  
  43  4:20  Gateway  
  43  4:23  Probe  
  44  4:25  Gateway  
  44  4:30  Assimilator  
  44  4:31  Probe  
  45  4:35  Probe, Immortal  
  42  4:47  Probe  
  42  4:50  Adept  
  21  5:18  Zealot x2  
  24  5:24  Cybernetics Core  
  24  5:26  Gateway  
  24  5:27  Gateway  
  16  5:38  Gateway  
  16  5:41  Probe  
  18  5:50  Assimilator  
  18  5:56  Probe  
Tags
 
Add a new tag
Caveats
  • Supply blocks, unpowered buildings, or Contaminate may cause inaccurate times.
  • Supply counts are checked every 10 seconds.